WCHLSIM.com - West Coast Hockey League
html PUBLIC "-//W3C//DTD XHTML 1.0 Transitional//EN" "http://www.w3.org/TR/xhtml1/DTD/xhtml1-transitional.dtd"> WCHL - Game 770 - BOISE CARIBOUS vs KELOWNA ROCKETS

BOISE CARIBOUS vs KELOWNA ROCKETS

Created - 29 janvier 2024 at 20:55

Goals
1 2 3 OT1 T
BOISE CARIBOUS 1 1 1 0 3
KELOWNA ROCKETS 0 1 2 1 4
Shots
1 2 3 OT1 T
BOISE CARIBOUS 14 5 9 0 28
KELOWNA ROCKETS 4 7 7 2 20

1st period

1. BOISE CARIBOUS , Vincent Trocheck 18 (Tim Stutzle 31, Pavel Mintyukov 2) at 19:05

Penalties :
Kyle Burroughs (KEL) for Hooking (Minor) at 12:38, Rasmus Dahlin (BOI) for Hooking (Minor) at 19:28

2nd period

2. BOISE CARIBOUS , Vincent Trocheck 19 (Rasmus Dahlin 30) at 12:20
3. KELOWNA ROCKETS , J.T. Compher 26 (Vladimir Tarasenko 25, Anthony DeAngelo 14) at 12:44

Penalties :
Auston Matthews (KEL) for Holding (Minor) at 5:59, Lawson Crouse (BOI) for High sticking (Minor) at 6:02

3rd period

4. BOISE CARIBOUS , Tim Stutzle 22 (Vincent Trocheck 27, Matt Duchene 17) at 8:47
5. KELOWNA ROCKETS , Noah Gregor 4 (Anthony DeAngelo 15, Lukas Sedlak 2) at 13:12
6. KELOWNA ROCKETS , Pavel Dorofeyev 4 (Adam Fox 43, Dmitri Orlov 14) at 16:40

Penalties :
No Penalty

Overtime #1

7. KELOWNA ROCKETS , Valeri Nichushkin 12 (J.T. Compher 33) at 1:22

Penalties :
No Penalty

Goalie Stats

Ilya Sorokin (BOI), 16 saves from 20 shots - (0,800), OTL, 25-15-3, 61:23 minutes
Alex Stalock (KEL), 25 saves from 28 shots - (0,893), W, 16-8-1, 61:23 minutes

Players Stats for BOISE CARIBOUS

Player Name              G  A  P  +/- PIM S  H  SB GA TA FO     MP     PP MP  PK MP  
------------------------------------------------------------------------------------
Artturi Lehkonen         0  0  0  -1  0   1  0  0  0  0  1/2    18:50   1:11   0:49 
Charlie Coyle            0  0  0  -3  0   5  0  0  0  0  8/15   15:27   0:00   1:13 
Dylan DeMelo             0  0  0   1  0   1  0  1  0  0  0/0    21:28   0:31   1:09 
Gabriel Vilardi          0  0  0  -2  0   1  0  0  0  0  0/0    13:54   0:00   0:00 
Jean-Gabriel Pageau      0  0  0  -1  0   1  3  0  0  0  14/24  17:32   0:56   0:49 
Jesperi Kotkaniemi       0  0  0   0  0   0  0  0  0  0  5/11    7:17   0:00   0:00 
Kaapo Kakko              0  0  0   0  0   0  0  0  0  0  0/0     6:23   0:00   0:00 
Kirill Marchenko         0  0  0   0  0   1  2  0  0  0  0/0     6:23   0:00   0:00 
Lawson Crouse            0  0  0  -2  2   2  1  0  0  0  1/1    13:47   0:55   0:00 
Matt Duchene             0  1  1   3  0   1  0  0  0  0  1/1    20:04   1:06   0:00 
Moritz Seider            0  0  0   1  0   2  2  0  0  0  0/0    20:38   0:51   0:53 
Nick Schmaltz            0  0  0  -1  0   3  0  0  0  0  0/0    16:43   0:56   0:00 
Olli Maatta              0  0  0  -2  0   0  0  1  0  0  0/0    16:31   0:00   0:00 
Pavel Mintyukov          0  1  1  -2  0   0  3  0  0  0  0/0    16:46   0:00   1:09 
Rasmus Andersson         0  0  0   0  0   0  2  0  0  0  0/0    22:35   0:51   0:53 
Rasmus Dahlin            0  1  1   1  2   0  0  0  0  0  0/0    22:13   0:40   0:00 
Tim Stutzle              1  1  2   3  0   3  1  0  0  0  1/2    22:01   1:06   0:00 
Vincent Trocheck         2  1  3   2  0   7  2  1  0  0  11/23  21:37   1:06   1:13 

Players Stats for KELOWNA ROCKETS

Player Name              G  A  P  +/- PIM S  H  SB GA TA FO     MP     PP MP  PK MP  
------------------------------------------------------------------------------------
Adam Fox                 0  1  1   0  0   0  0  1  0  0  0/0    24:42   1:38   1:16 
Anthony DeAngelo         0  2  2   1  0   0  0  1  0  0  0/0    22:25   0:24   1:08 
Auston Matthews          0  0  0   0  2   6  0  0  0  0  13/31  21:44   1:35   1:05 
Calle Jarnkrok           0  0  0   0  0   0  2  0  0  0  1/3    19:14   0:27   0:00 
Carson Meyer             0  0  0   1  0   0  0  0  0  0  0/0     3:13   0:00   0:00 
Derek Ryan               0  0  0  -1  0   1  0  0  0  0  6/13   14:27   0:00   0:00 
Dmitri Orlov             0  1  1   0  0   0  1  0  0  0  0/0    23:19   1:38   0:48 
Erik Brannstrom          0  0  0  -1  0   0  3  2  0  0  0/0    14:34   0:24   0:00 
J.T. Compher             1  1  2   1  0   3  1  0  0  0  11/21  20:25   0:27   0:57 
Kyle Burroughs           0  0  0  -1  2   0  3  0  0  0  0/0    14:09   0:00   0:00 
Lukas Sedlak             0  1  1   1  0   1  0  0  0  0  0/0     3:13   0:00   0:00 
Mark Giordano            0  0  0   2  0   0  1  0  0  0  0/0    22:13   0:00   0:52 
Noah Gregor              1  0  1   1  0   1  0  0  0  0  0/1     3:13   0:00   0:00 
Parker Kelly             0  0  0  -1  0   0  0  0  0  0  1/1    14:27   0:00   0:00 
Pavel Buchnevich         0  0  0   0  0   2  0  3  0  0  3/5    23:04   1:35   1:05 
Pavel Dorofeyev          1  0  1  -1  0   1  0  0  0  0  0/1    14:27   0:00   0:00 
Valeri Nichushkin        1  0  1   1  0   2  1  0  0  0  0/1    20:02   0:27   0:57 
Vladimir Tarasenko       0  1  1   0  0   3  1  0  0  0  2/2    21:18   1:35   0:00 

3 Stars

1 - Vincent Trocheck (BOI)
2 - Tim Stutzle (BOI)
3 - J.T. Compher (KEL)

Power Play

BOISE CARIBOUS - 0 on 2 Attempt(s) - 0,00%
KELOWNA ROCKETS - 0 on 2 Attempt(s) - 0,00%

Penalty Kill

BOISE CARIBOUS - 2 on 2 Attempt(s) - 100,00% - Score 0 goal in Penalty Kill
KELOWNA ROCKETS - 2 on 2 Attempt(s) - 100,00% - Score 0 goal in Penalty Kill

Team Stat

BOISE CARIBOUS - Hits : 16 - Faceoff Wins : 42 - Blocked Shots : 3 - Penalty Minutes : 4
KELOWNA ROCKETS - Hits : 13 - Faceoff Wins : 37 - Blocked Shots : 7 - Penalty Minutes : 4

Official

Referees : Jim Curtin and Mike Duco
Linesman : Vaughan Rody and Jonny Murray

Game Notes

No Game Note

Finance

Level 1 -- Attendance: 6600 (100,00%) -- Ticket Income 818 400 $
Level 2 -- Attendance: 5600 (100,00%) -- Ticket Income 526 400 $
Level 3 -- Attendance: 3005 (93,91%) -- Ticket Income 192 320 $
Level 4 -- Attendance: 5600 (100,00%) -- Ticket Income 302 400 $
Luxury Box -- Attendance: 1000 (100,00%) -- Ticket Income 259 000 $
Game was played at the Cherepanov Coliseum.
Total Attendance: 21805 (99,11%)
Total Ticket Income: 2 098 520 $
Other Expense: 20 985 $
Total Income: 2 077 535 $

BOISE CARIBOUS

5 vs 5 Forward 
   Center                   Left Wing                Right Wing               Time % Phy DF OF 
 1 Vincent Trocheck         Tim Stutzle              Matt Duchene             36     0   2  3  
 2 Jean-Gabriel Pageau      Artturi Lehkonen         Nick Schmaltz            30     1   2  2  
 3 Charlie Coyle            Lawson Crouse            Gabriel Vilardi          24     1   2  2  
 4 Jesperi Kotkaniemi       Kirill Marchenko         Kaapo Kakko              10     1   2  2  

5 vs 5 Defense 
   Defense                  Defense                                           Time % Phy DF OF 
 1 Rasmus Dahlin            Rasmus Andersson                                  36     1   2  2  
 2 Dylan DeMelo             Moritz Seider                                     36     1   2  2  
 3 Olli Maatta              Pavel Mintyukov                                   28     1   3  1  
 4 Pavel Mintyukov          Dylan DeMelo                                      0      0   5  0  

PowerPlay Forward 
   Center                   Left Wing                Right Wing               Time % Phy DF OF 
 1 Vincent Trocheck         Tim Stutzle              Matt Duchene             65     0   1  4  
 2 Jean-Gabriel Pageau      Lawson Crouse            Nick Schmaltz            35     0   1  4  

PowerPlay Defense
   Defense                  Defense                                           Time % Phy DF OF 
 1 Rasmus Dahlin            Artturi Lehkonen                                  55     0   1  4  
 2 Rasmus Andersson         Moritz Seider                                     45     0   2  3  

Penalty Kill 4 Players Forward 
   Center                   Wing                     Time % Phy DF OF 
 1 Vincent Trocheck         Charlie Coyle            50     0   4  1  
 2 Jean-Gabriel Pageau      Artturi Lehkonen         50     0   4  1  

Penalty Kill 4 Players Defense
   Defense                  Defense                  Time % Phy DF OF 
 1 Moritz Seider            Rasmus Andersson         55     1   4  0  
 2 Rasmus Dahlin            Dylan DeMelo             45     1   3  1  

Penalty Kill - 3 Players Forward 
   Forward                                           Time % Phy DF OF 
 1 Jesperi Kotkaniemi                                55     1   2  2  
 2 Kaapo Kakko                                       45     1   2  2  

Penalty Kill - 3 Players Defense
   Defense                  Defense                  Time % Phy DF OF 
 1 Olli Maatta              Pavel Mintyukov          55     1   2  2  
 2 Rasmus Andersson         Moritz Seider            45     1   2  2  

4 vs 4 Forward 
   Center                   Wing                     Time % Phy DF OF 
 1 Jesperi Kotkaniemi       Tim Stutzle              55     1   2  2  
 2 Charlie Coyle            Gabriel Vilardi          45     1   2  2  

4 vs 4 Defense
   Defense                  Defense                  Time % Phy DF OF 
 1 Rasmus Dahlin            Rasmus Andersson         55     1   2  2  
 2 Dylan DeMelo             Olli Maatta              45     1   2  2  

Last Minutes Offensive
   Center                   Left Wing                Right Wing               Defense                  Defense                  
   Vincent Trocheck         Tim Stutzle              Matt Duchene             Rasmus Dahlin            Moritz Seider            

Last Minutes Defensive
   Center                   Left Wing                Right Wing               Defense                  Defense                  
   Jean-Gabriel Pageau      Artturi Lehkonen         Charlie Coyle            Rasmus Dahlin            Rasmus Andersson         

Goaltenders
Starting : Ilya Sorokin             
Backup : Brian Elliott            

Extra Forwards
Normal : Matt Duchene, Gabriel Vilardi, Kirill Marchenko - PP : Kirill Marchenko, Tim Stutzle - PK : Lawson Crouse
Extra Defensemen
Normal : Dylan DeMelo, Pavel Mintyukov, Moritz Seider - PP : Dylan DeMelo - PK : Pavel Mintyukov, Olli Maatta
Penalty Shots
Tim Stutzle, Artturi Lehkonen, Vincent Trocheck, Nick Schmaltz, Matt Duchene
Custom OT Lines Forwards
Tim Stutzle, Artturi Lehkonen, Vincent Trocheck, Charlie Coyle, Kaapo Kakko, Nick Schmaltz, Matt Duchene, Lawson Crouse, Gabriel Vilardi, Jesperi Kotkaniemi
Custom OT Lines Defensemen
Rasmus Dahlin, Rasmus Andersson, Moritz Seider, Olli Maatta, Dylan DeMelo

Scratches
Marcus Pettersson (Healthy), Troy Stecher (Healthy)

KELOWNA ROCKETS

5 vs 5 Forward 
   Center                   Left Wing                Right Wing               Time % Phy DF OF 
 1 Auston Matthews          Pavel Buchnevich         Valeri Nichushkin        36     0   2  3  
 2 J.T. Compher             Calle Jarnkrok           Vladimir Tarasenko       36     0   2  3  
 3 Derek Ryan               Parker Kelly             Pavel Dorofeyev          28     0   4  1  
 4 Noah Gregor              Lukas Sedlak             Carson Meyer             0      0   3  2  

5 vs 5 Defense 
   Defense                  Defense                                           Time % Phy DF OF 
 1 Adam Fox                 Dmitri Orlov                                      37     0   4  1  
 2 Mark Giordano            Anthony DeAngelo                                  35     0   4  1  
 3 Erik Brannstrom          Kyle Burroughs                                    28     0   4  1  
 4 Dmitri Orlov             Mark Giordano                                     0      0   3  2  

PowerPlay Forward 
   Center                   Left Wing                Right Wing               Time % Phy DF OF 
 1 Auston Matthews          Pavel Buchnevich         Vladimir Tarasenko       65     0   0  5  
 2 J.T. Compher             Calle Jarnkrok           Valeri Nichushkin        35     0   0  5  

PowerPlay Defense
   Defense                  Defense                                           Time % Phy DF OF 
 1 Adam Fox                 Dmitri Orlov                                      65     0   1  4  
 2 Anthony DeAngelo         Erik Brannstrom                                   35     0   1  4  

Penalty Kill 4 Players Forward 
   Center                   Wing                     Time % Phy DF OF 
 1 J.T. Compher             Valeri Nichushkin        50     0   5  0  
 2 Auston Matthews          Pavel Buchnevich         50     0   5  0  

Penalty Kill 4 Players Defense
   Defense                  Defense                  Time % Phy DF OF 
 1 Adam Fox                 Mark Giordano            55     0   5  0  
 2 Dmitri Orlov             Anthony DeAngelo         45     0   5  0  

Penalty Kill - 3 Players Forward 
   Forward                                           Time % Phy DF OF 
 1 J.T. Compher                                      50     0   5  0  
 2 Auston Matthews                                   50     0   5  0  

Penalty Kill - 3 Players Defense
   Defense                  Defense                  Time % Phy DF OF 
 1 Adam Fox                 Mark Giordano            55     0   5  0  
 2 Dmitri Orlov             Anthony DeAngelo         45     0   5  0  

4 vs 4 Forward 
   Center                   Wing                     Time % Phy DF OF 
 1 Auston Matthews          Vladimir Tarasenko       55     0   1  4  
 2 J.T. Compher             Pavel Buchnevich         45     0   1  4  

4 vs 4 Defense
   Defense                  Defense                  Time % Phy DF OF 
 1 Adam Fox                 Dmitri Orlov             55     0   2  3  
 2 Mark Giordano            Anthony DeAngelo         45     0   2  3  

Last Minutes Offensive
   Center                   Left Wing                Right Wing               Defense                  Defense                  
   Auston Matthews          Pavel Buchnevich         Valeri Nichushkin        Adam Fox                 Dmitri Orlov             

Last Minutes Defensive
   Center                   Left Wing                Right Wing               Defense                  Defense                  
   Auston Matthews          J.T. Compher             Valeri Nichushkin        Adam Fox                 Dmitri Orlov             

Goaltenders
Starting : Alex Stalock             
Backup : Craig Anderson           

Extra Forwards
Normal : Auston Matthews, Pavel Buchnevich, Vladimir Tarasenko - PP : Pavel Dorofeyev, Parker Kelly - PK : Vladimir Tarasenko
Extra Defensemen
Normal : Anthony DeAngelo, Dmitri Orlov, Mark Giordano - PP : Mark Giordano - PK : Kyle Burroughs, Erik Brannstrom
Penalty Shots
Auston Matthews, Vladimir Tarasenko, Pavel Buchnevich, Valeri Nichushkin, J.T. Compher
Custom OT Lines Forwards
Auston Matthews, Pavel Buchnevich, J.T. Compher, Valeri Nichushkin, Calle Jarnkrok, Vladimir Tarasenko, Derek Ryan, Pavel Dorofeyev, Noah Gregor, Parker Kelly
Custom OT Lines Defensemen
Adam Fox, Mark Giordano, Dmitri Orlov, Anthony DeAngelo, Kyle Burroughs

Scratches
Tyler Bertuzzi (Broken Bone (Right Ankle) Injury), Pavel Francouz (Healthy)

% Time on Ice - BOISE CARIBOUS

Lines # - Real PCT - Wanted PCT - Time Play
Normal Forward
1 - 35% - 36% - 18:58
2 - 29% - 30% - 15:47
3 - 24% - 24% - 12:52
4 - 12% - 10% - 6:23
Normal Defense
1 - 36% - 36% - 19:29
2 - 35% - 36% - 18:54
3 - 29% - 28% - 15:37
4 - 0% - 0% - 0:00
PP Forward
1 - 54% - 65% - 1:06
2 - 46% - 35% - 0:56
PP Defense
1 - 58% - 55% - 1:11
2 - 42% - 45% - 0:51
PK Forward
1 - 60% - 50% - 1:13
2 - 40% - 50% - 0:49
PK Defense
1 - 43% - 55% - 0:53
2 - 57% - 45% - 1:09
PK3 Forward
1 - 0% - 55%
2 - 0% - 45%
PK3 Defense
1 - 0% - 55%
2 - 0% - 45%
44 Forward
1 - 47% - 55% - 0:54
2 - 53% - 45% - 1:02
44 Defense
1 - 53% - 55% - 1:02
2 - 47% - 45% - 0:54
Last Minute Offensive  - 0:00
Last Minute Defensive  - 0:00
Total
Forward - 60:00
Defense - 60:00

% Time on Ice - KELOWNA ROCKETS

Lines # - Real PCT - Wanted PCT - Time Play
Normal Forward
1 - 34% - 36% - 18:10
2 - 34% - 36% - 18:10
3 - 27% - 28% - 14:27
4 - 6% - 0% - 3:13
Normal Defense
1 - 37% - 37% - 20:04
2 - 37% - 35% - 19:46
3 - 26% - 28% - 14:10
4 - 0% - 0% - 0:00
PP Forward
1 - 78% - 65% - 1:35
2 - 22% - 35% - 0:27
PP Defense
1 - 80% - 65% - 1:38
2 - 20% - 35% - 0:24
PK Forward
1 - 47% - 50% - 0:57
2 - 53% - 50% - 1:05
PK Defense
1 - 61% - 55% - 1:14
2 - 39% - 45% - 0:48
PK3 Forward
1 - 0% - 50%
2 - 0% - 50%
PK3 Defense
1 - 0% - 55%
2 - 0% - 45%
44 Forward
1 - 100% - 55% - 1:56
2 - 0% - 45% - 0:00
44 Defense
1 - 42% - 55% - 0:49
2 - 58% - 45% - 1:07
Last Minute Offensive  - 0:00
Last Minute Defensive  - 0:00
Total
Forward - 60:00
Defense - 60:00

Play-by-Play

1st period


0:01 of 1st period - Auston Matthews wins face-off versus Vincent Trocheck in neutral zone.
0:33 of 1st period - Off-side.
0:34 of 1st period - J.T. Compher wins face-off versus Jean-Gabriel Pageau in neutral zone.
1:11 of 1st period - Shot by Nick Schmaltz.
1:11 of 1st period - Stopped by Alex Stalock with a rebound.
1:13 of 1st period - Shot by Jean-Gabriel Pageau.
1:13 of 1st period - Deflect By Nick Schmaltz.
1:13 of 1st period - Shot Misses the Net.
1:15 of 1st period - Shot by Moritz Seider.
1:15 of 1st period - Stopped by Alex Stalock with a rebound.
1:52 of 1st period - Charlie Coyle is hit by Erik Brannstrom and loses puck.
1:57 of 1st period - Shot by Gabriel Vilardi.
1:57 of 1st period - Shot Misses the Net.
2:06 of 1st period - Charlie Coyle is hit by Kyle Burroughs and loses puck.
2:09 of 1st period - Shot by Charlie Coyle.
2:09 of 1st period - Stopped by Alex Stalock without a rebound.
2:10 of 1st period - Jesperi Kotkaniemi wins face-off versus Auston Matthews in KELOWNA ROCKETS zone.
2:14 of 1st period - Icing by Dmitri Orlov.
2:15 of 1st period - Vincent Trocheck wins face-off versus Auston Matthews in KELOWNA ROCKETS zone.
2:24 of 1st period - Shot by Auston Matthews.
2:24 of 1st period - Stopped by Ilya Sorokin with a rebound.
2:26 of 1st period - Shot by Auston Matthews.
2:26 of 1st period - Stopped by Ilya Sorokin without a rebound.
2:27 of 1st period - Jesperi Kotkaniemi wins face-off versus Derek Ryan in BOISE CARIBOUS zone.
2:41 of 1st period - Icing by Pavel Mintyukov.
2:42 of 1st period - Jesperi Kotkaniemi wins face-off versus Auston Matthews in BOISE CARIBOUS zone.
2:42 of 1st period - Jesperi Kotkaniemi is hit by Valeri Nichushkin.
3:01 of 1st period - Icing by Adam Fox.
3:02 of 1st period - Auston Matthews wins face-off versus Vincent Trocheck in KELOWNA ROCKETS zone.
3:16 of 1st period - Icing by Vincent Trocheck.
3:17 of 1st period - Tim Stutzle wins face-off versus Derek Ryan in BOISE CARIBOUS zone.
3:48 of 1st period - Shot by Vincent Trocheck.
3:48 of 1st period - Stopped by Alex Stalock without a rebound.
3:49 of 1st period - Lawson Crouse wins face-off versus J.T. Compher in KELOWNA ROCKETS zone.
6:08 of 1st period - Shot by Vincent Trocheck.
6:08 of 1st period - Stopped by Alex Stalock without a rebound.
6:09 of 1st period - Derek Ryan wins face-off versus Jesperi Kotkaniemi in KELOWNA ROCKETS zone.
6:09 of 1st period - Derek Ryan is hit by Kirill Marchenko.
6:47 of 1st period - Icing by Derek Ryan.
6:48 of 1st period - Parker Kelly wins face-off versus Vincent Trocheck in KELOWNA ROCKETS zone.
7:26 of 1st period - Icing by Erik Brannstrom.
7:27 of 1st period - Charlie Coyle wins face-off versus Derek Ryan in KELOWNA ROCKETS zone.
7:50 of 1st period - Shot by Charlie Coyle.
7:50 of 1st period - Shot Misses the Net.
7:52 of 1st period - Shot by Charlie Coyle.
7:52 of 1st period - Stopped by Alex Stalock without a rebound.
7:53 of 1st period - Jean-Gabriel Pageau wins face-off versus J.T. Compher in KELOWNA ROCKETS zone.
8:13 of 1st period - Icing by Moritz Seider.
8:14 of 1st period - Artturi Lehkonen wins face-off versus Auston Matthews in BOISE CARIBOUS zone.
8:55 of 1st period - Icing by Moritz Seider.
8:56 of 1st period - J.T. Compher wins face-off versus Jean-Gabriel Pageau in BOISE CARIBOUS zone.
9:00 of 1st period - Calle Jarnkrok is hit by Moritz Seider and loses puck.
10:55 of 1st period - Shot by Lawson Crouse.
10:55 of 1st period - Shot Misses the Net.
10:57 of 1st period - Shot by Lawson Crouse.
10:57 of 1st period - Shot Misses the Net.
10:59 of 1st period - Shot by Olli Maatta.
10:59 of 1st period - Shot Misses the Net.
11:01 of 1st period - Shot by Lawson Crouse.
11:01 of 1st period - Stopped by Alex Stalock without a rebound.
11:02 of 1st period - Jesperi Kotkaniemi wins face-off versus Pavel Buchnevich in KELOWNA ROCKETS zone.
11:46 of 1st period - Rasmus Andersson is hit by Dmitri Orlov.
12:22 of 1st period - Vincent Trocheck is hit by Kyle Burroughs and loses puck.
12:38 of 1st period - Minor Penalty to Kyle Burroughs for Hooking.
12:39 of 1st period - Jean-Gabriel Pageau wins face-off versus Auston Matthews in KELOWNA ROCKETS zone.
12:40 of 1st period - Shot by Artturi Lehkonen.
12:40 of 1st period - Stopped by Alex Stalock without a rebound.
12:41 of 1st period - Auston Matthews wins face-off versus Vincent Trocheck in KELOWNA ROCKETS zone.
13:04 of 1st period - Shot by Artturi Lehkonen.
13:04 of 1st period - Shot Blocked by Pavel Buchnevich.
13:06 of 1st period - Shot by Dylan DeMelo.
13:06 of 1st period - Stopped by Alex Stalock without a rebound.
13:07 of 1st period - Jean-Gabriel Pageau wins face-off versus J.T. Compher in KELOWNA ROCKETS zone.
13:10 of 1st period - Shot by Jean-Gabriel Pageau.
13:10 of 1st period - Shot Misses the Net.
13:12 of 1st period - Shot by Nick Schmaltz.
13:12 of 1st period - Shot Blocked by Adam Fox.
13:14 of 1st period - Shot by Moritz Seider.
13:14 of 1st period - Stopped by Alex Stalock without a rebound.
13:15 of 1st period - J.T. Compher wins face-off versus Vincent Trocheck in KELOWNA ROCKETS zone.
13:15 of 1st period - J.T. Compher is hit by Vincent Trocheck.
13:37 of 1st period - Shot by Matt Duchene.
13:37 of 1st period - Stopped by Alex Stalock without a rebound.
13:38 of 1st period - Jean-Gabriel Pageau wins face-off versus Auston Matthews in KELOWNA ROCKETS zone.
14:20 of 1st period - Shot by Jean-Gabriel Pageau.
14:20 of 1st period - Stopped by Alex Stalock without a rebound.
14:21 of 1st period - J.T. Compher wins face-off versus Vincent Trocheck in KELOWNA ROCKETS zone.
14:44 of 1st period - Shot by Kirill Marchenko.
14:44 of 1st period - Shot Blocked by Erik Brannstrom.
14:46 of 1st period - Shot by Kirill Marchenko.
14:46 of 1st period - Shot Blocked by Erik Brannstrom.
14:48 of 1st period - Shot by Olli Maatta.
14:48 of 1st period - Shot Misses the Net.
15:17 of 1st period - Kaapo Kakko is hit by Kyle Burroughs and loses puck.
16:06 of 1st period - Shot by Pavel Buchnevich.
16:06 of 1st period - Shot Misses the Net.
16:50 of 1st period - Icing by Lawson Crouse.
16:51 of 1st period - Charlie Coyle wins face-off versus Noah Gregor in BOISE CARIBOUS zone.
17:57 of 1st period - Artturi Lehkonen is hit by Calle Jarnkrok and loses puck.
18:08 of 1st period - Shot by Vladimir Tarasenko.
18:08 of 1st period - Stopped by Ilya Sorokin without a rebound.
18:09 of 1st period - Jesperi Kotkaniemi wins face-off versus Auston Matthews in BOISE CARIBOUS zone.
18:31 of 1st period - Shot by Auston Matthews.
18:31 of 1st period - Stopped by Ilya Sorokin without a rebound.
18:32 of 1st period - Vincent Trocheck wins face-off versus J.T. Compher in BOISE CARIBOUS zone.
19:03 of 1st period - Shot by Vincent Trocheck.
19:03 of 1st period - Stopped by Alex Stalock with a rebound.
19:05 of 1st period - Shot by Vincent Trocheck.
19:05 of 1st period - Goal by Vincent Trocheck - BOISE CARIBOUS : 1 - KELOWNA ROCKETS : 0.
19:06 of 1st period - Auston Matthews wins face-off versus Jean-Gabriel Pageau in neutral zone.
19:10 of 1st period - Pavel Buchnevich is hit by Rasmus Andersson and loses puck.
19:28 of 1st period - Minor Penalty to Rasmus Dahlin for Hooking.
19:29 of 1st period - Vincent Trocheck wins face-off versus Auston Matthews in BOISE CARIBOUS zone.
19:46 of 1st period - Shot by Adam Fox.
19:46 of 1st period - Shot Misses the Net.
19:48 of 1st period - Shot by Auston Matthews.
19:48 of 1st period - Shot Blocked by Vincent Trocheck.
19:58 of 1st period - Shot by Auston Matthews.
19:58 of 1st period - Shot Misses the Net.
Goals for this period are 1 for BOISE CARIBOUS vs 0 for KELOWNA ROCKETS.
Shots for this period are 14 for BOISE CARIBOUS vs 4 for KELOWNA ROCKETS.

2nd period


0:01 of 2nd period - Jean-Gabriel Pageau wins face-off versus Auston Matthews in neutral zone.
0:45 of 2nd period - Icing by Auston Matthews.
0:46 of 2nd period - Jean-Gabriel Pageau wins face-off versus Auston Matthews in KELOWNA ROCKETS zone.
1:14 of 2nd period - Icing by Erik Brannstrom.
1:15 of 2nd period - J.T. Compher wins face-off versus Vincent Trocheck in KELOWNA ROCKETS zone.
2:07 of 2nd period - Mark Giordano is hit by Kirill Marchenko and loses puck.
2:53 of 2nd period - Shot by Noah Gregor.
2:53 of 2nd period - Shot Misses the Net.
3:11 of 2nd period - Kyle Burroughs is hit by Vincent Trocheck and loses puck.
3:22 of 2nd period - Shot by Artturi Lehkonen.
3:22 of 2nd period - Shot Misses the Net.
3:44 of 2nd period - Icing by Pavel Mintyukov.
3:45 of 2nd period - Calle Jarnkrok wins face-off versus Jean-Gabriel Pageau in BOISE CARIBOUS zone.
4:01 of 2nd period - Icing by Olli Maatta.
4:02 of 2nd period - Auston Matthews wins face-off versus Jean-Gabriel Pageau in BOISE CARIBOUS zone.
4:05 of 2nd period - Shot by Pavel Buchnevich.
4:05 of 2nd period - Shot Misses the Net.
4:30 of 2nd period - Off-side.
4:31 of 2nd period - J.T. Compher wins face-off versus Charlie Coyle in neutral zone.
4:41 of 2nd period - Shot by J.T. Compher.
4:41 of 2nd period - Stopped by Ilya Sorokin without a rebound.
4:42 of 2nd period - Derek Ryan wins face-off versus Vincent Trocheck in BOISE CARIBOUS zone.
5:40 of 2nd period - Icing by Rasmus Andersson.
5:41 of 2nd period - Auston Matthews wins face-off versus Vincent Trocheck in BOISE CARIBOUS zone.
5:59 of 2nd period - Minor Penalty to Auston Matthews for Holding.
6:00 of 2nd period - J.T. Compher wins face-off versus Jean-Gabriel Pageau in KELOWNA ROCKETS zone.
6:02 of 2nd period - Minor Penalty to Lawson Crouse for High sticking.
6:03 of 2nd period - Pavel Buchnevich wins face-off versus Jesperi Kotkaniemi in BOISE CARIBOUS zone.
6:30 of 2nd period - Shot by Vladimir Tarasenko.
6:30 of 2nd period - Shot Blocked by Olli Maatta.
6:32 of 2nd period - Shot by Vladimir Tarasenko.
6:32 of 2nd period - Stopped by Ilya Sorokin without a rebound.
6:33 of 2nd period - Pavel Buchnevich wins face-off versus Charlie Coyle in BOISE CARIBOUS zone.
7:26 of 2nd period - Icing by Gabriel Vilardi.
7:27 of 2nd period - Charlie Coyle wins face-off versus Calle Jarnkrok in BOISE CARIBOUS zone.
7:44 of 2nd period - Shot by J.T. Compher.
7:44 of 2nd period - Stopped by Ilya Sorokin without a rebound.
7:45 of 2nd period - Vladimir Tarasenko wins face-off versus Jesperi Kotkaniemi in BOISE CARIBOUS zone.
8:48 of 2nd period - Erik Brannstrom is hit by Jean-Gabriel Pageau and loses puck.
8:58 of 2nd period - Off-side.
8:59 of 2nd period - Pavel Buchnevich wins face-off versus Charlie Coyle in neutral zone.
9:18 of 2nd period - Shot by Auston Matthews.
9:18 of 2nd period - Stopped by Ilya Sorokin without a rebound.
9:19 of 2nd period - Matt Duchene wins face-off versus J.T. Compher in BOISE CARIBOUS zone.
9:19 of 2nd period - Matt Duchene is hit by Calle Jarnkrok.
9:24 of 2nd period - Vincent Trocheck is hit by J.T. Compher and loses puck.
10:23 of 2nd period - Charlie Coyle is hit by Mark Giordano and loses puck.
10:44 of 2nd period - Shot by Charlie Coyle.
10:44 of 2nd period - Deflect By Lawson Crouse.
10:44 of 2nd period - Shot Misses the Net.
10:46 of 2nd period - Shot by Lawson Crouse.
10:46 of 2nd period - Deflect By Charlie Coyle.
10:46 of 2nd period - Stopped by Alex Stalock without a rebound.
10:47 of 2nd period - Jean-Gabriel Pageau wins face-off versus Auston Matthews in KELOWNA ROCKETS zone.
11:05 of 2nd period - Shot by Pavel Buchnevich.
11:05 of 2nd period - Stopped by Ilya Sorokin without a rebound.
11:06 of 2nd period - Derek Ryan wins face-off versus Jesperi Kotkaniemi in BOISE CARIBOUS zone.
11:09 of 2nd period - Shot by Derek Ryan.
11:09 of 2nd period - Stopped by Ilya Sorokin without a rebound.
11:10 of 2nd period - Auston Matthews wins face-off versus Charlie Coyle in BOISE CARIBOUS zone.
11:51 of 2nd period - Shot by Lawson Crouse.
11:51 of 2nd period - Shot Blocked by Pavel Buchnevich.
12:08 of 2nd period - Off-side.
12:09 of 2nd period - Vincent Trocheck wins face-off versus Derek Ryan in neutral zone.
12:18 of 2nd period - Shot by Vincent Trocheck.
12:18 of 2nd period - Shot Misses the Net.
12:20 of 2nd period - Shot by Vincent Trocheck.
12:20 of 2nd period - Goal by Vincent Trocheck - BOISE CARIBOUS : 2 - KELOWNA ROCKETS : 0.
12:21 of 2nd period - Vladimir Tarasenko wins face-off versus Jean-Gabriel Pageau in neutral zone.
12:44 of 2nd period - Shot by J.T. Compher.
12:44 of 2nd period - Goal by J.T. Compher - BOISE CARIBOUS : 2 - KELOWNA ROCKETS : 1.
12:45 of 2nd period - Vincent Trocheck wins face-off versus Auston Matthews in neutral zone.
13:18 of 2nd period - Shot by Vincent Trocheck.
13:18 of 2nd period - Shot Misses the Net.
13:23 of 2nd period - Shot by Vincent Trocheck.
13:23 of 2nd period - Stopped by Alex Stalock with a rebound.
13:25 of 2nd period - Shot by Tim Stutzle.
13:25 of 2nd period - Shot Misses the Net.
13:41 of 2nd period - Icing by Auston Matthews.
13:42 of 2nd period - Auston Matthews wins face-off versus Artturi Lehkonen in KELOWNA ROCKETS zone.
14:01 of 2nd period - Shot by Jean-Gabriel Pageau.
14:01 of 2nd period - Shot Misses the Net.
15:47 of 2nd period - Shot by Vincent Trocheck.
15:47 of 2nd period - Shot Misses the Net.
16:35 of 2nd period - Icing by Kyle Burroughs.
16:36 of 2nd period - Derek Ryan wins face-off versus Jesperi Kotkaniemi in KELOWNA ROCKETS zone.
17:13 of 2nd period - Shot by Kirill Marchenko.
17:13 of 2nd period - Stopped by Alex Stalock without a rebound.
17:14 of 2nd period - Jean-Gabriel Pageau wins face-off versus Auston Matthews in KELOWNA ROCKETS zone.
17:15 of 2nd period - Shot by Artturi Lehkonen.
17:15 of 2nd period - Deflect By Nick Schmaltz.
17:15 of 2nd period - Shot Misses the Net.
17:27 of 2nd period - Auston Matthews is hit by Jean-Gabriel Pageau and loses puck.
17:45 of 2nd period - Auston Matthews is hit by Pavel Mintyukov.
19:07 of 2nd period - Shot by Tim Stutzle.
19:07 of 2nd period - Stopped by Alex Stalock without a rebound.
19:08 of 2nd period - Charlie Coyle wins face-off versus J.T. Compher in KELOWNA ROCKETS zone.
Goals for this period are 1 for BOISE CARIBOUS vs 1 for KELOWNA ROCKETS.
Shots for this period are 5 for BOISE CARIBOUS vs 7 for KELOWNA ROCKETS.

3rd period


0:01 of 3rd period - Vincent Trocheck wins face-off versus Calle Jarnkrok in neutral zone.
0:42 of 3rd period - Vladimir Tarasenko is hit by Moritz Seider and loses puck.
1:14 of 3rd period - Icing by Anthony DeAngelo.
1:15 of 3rd period - Jean-Gabriel Pageau wins face-off versus Auston Matthews in KELOWNA ROCKETS zone.
1:28 of 3rd period - Shot by Nick Schmaltz.
1:28 of 3rd period - Stopped by Alex Stalock without a rebound.
1:29 of 3rd period - Charlie Coyle wins face-off versus Derek Ryan in KELOWNA ROCKETS zone.
1:32 of 3rd period - Shot by Gabriel Vilardi.
1:32 of 3rd period - Stopped by Alex Stalock without a rebound.
1:33 of 3rd period - Charlie Coyle wins face-off versus Derek Ryan in KELOWNA ROCKETS zone.
2:54 of 3rd period - Shot by Vladimir Tarasenko.
2:54 of 3rd period - Shot Blocked by Dylan DeMelo.
3:23 of 3rd period - Icing by Tim Stutzle.
3:24 of 3rd period - Auston Matthews wins face-off versus Vincent Trocheck in BOISE CARIBOUS zone.
3:50 of 3rd period - Auston Matthews is hit by Pavel Mintyukov and loses puck.
4:06 of 3rd period - Jean-Gabriel Pageau is hit by Erik Brannstrom and loses puck.
4:12 of 3rd period - Icing by Kyle Burroughs.
4:13 of 3rd period - Auston Matthews wins face-off versus Charlie Coyle in KELOWNA ROCKETS zone.
4:13 of 3rd period - Auston Matthews is hit by Lawson Crouse.
4:37 of 3rd period - Shot by Charlie Coyle.
4:37 of 3rd period - Shot Misses the Net.
4:39 of 3rd period - Shot by Gabriel Vilardi.
4:39 of 3rd period - Shot Misses the Net.
4:41 of 3rd period - Shot by Rasmus Dahlin.
4:41 of 3rd period - Shot Misses the Net.
4:43 of 3rd period - Shot by Lawson Crouse.
4:43 of 3rd period - Shot Misses the Net.
4:45 of 3rd period - Shot by Charlie Coyle.
4:45 of 3rd period - Stopped by Alex Stalock without a rebound.
4:46 of 3rd period - Jean-Gabriel Pageau wins face-off versus Derek Ryan in KELOWNA ROCKETS zone.
5:02 of 3rd period - Off-side.
5:03 of 3rd period - Vincent Trocheck wins face-off versus J.T. Compher in neutral zone.
5:33 of 3rd period - Icing by Moritz Seider.
5:34 of 3rd period - Vincent Trocheck wins face-off versus Pavel Buchnevich in BOISE CARIBOUS zone.
6:01 of 3rd period - Shot by Tim Stutzle.
6:01 of 3rd period - Shot Misses the Net.
6:13 of 3rd period - Shot by Valeri Nichushkin.
6:13 of 3rd period - Deflect By Auston Matthews.
6:13 of 3rd period - Stopped by Ilya Sorokin without a rebound.
6:14 of 3rd period - Jean-Gabriel Pageau wins face-off versus J.T. Compher in BOISE CARIBOUS zone.
6:55 of 3rd period - Icing by Rasmus Dahlin.
6:56 of 3rd period - Jean-Gabriel Pageau wins face-off versus Valeri Nichushkin in BOISE CARIBOUS zone.
7:01 of 3rd period - Shot by Nick Schmaltz.
7:01 of 3rd period - Stopped by Alex Stalock without a rebound.
7:02 of 3rd period - Charlie Coyle wins face-off versus Auston Matthews in KELOWNA ROCKETS zone.
7:06 of 3rd period - Gabriel Vilardi is hit by Erik Brannstrom and loses puck.
7:15 of 3rd period - Shot by Charlie Coyle.
7:15 of 3rd period - Stopped by Alex Stalock with a rebound.
7:17 of 3rd period - Shot by Charlie Coyle.
7:17 of 3rd period - Shot Misses the Net.
8:07 of 3rd period - Shot by Vladimir Tarasenko.
8:07 of 3rd period - Stopped by Ilya Sorokin without a rebound.
8:08 of 3rd period - Vincent Trocheck wins face-off versus Pavel Dorofeyev in BOISE CARIBOUS zone.
8:34 of 3rd period - Shot by Vincent Trocheck.
8:34 of 3rd period - Shot Misses the Net.
8:42 of 3rd period - Shot by Tim Stutzle.
8:42 of 3rd period - Shot Misses the Net.
8:47 of 3rd period - Shot by Vincent Trocheck.
8:47 of 3rd period - Deflect By Tim Stutzle.
8:47 of 3rd period - Goal by Tim Stutzle - BOISE CARIBOUS : 3 - KELOWNA ROCKETS : 1.
8:48 of 3rd period - Jean-Gabriel Pageau wins face-off versus J.T. Compher in neutral zone.
8:58 of 3rd period - Off-side.
8:59 of 3rd period - Jean-Gabriel Pageau wins face-off versus Auston Matthews in neutral zone.
9:10 of 3rd period - Shot by Auston Matthews.
9:10 of 3rd period - Stopped by Ilya Sorokin with a rebound.
9:26 of 3rd period - Shot by Pavel Buchnevich.
9:26 of 3rd period - Stopped by Ilya Sorokin without a rebound.
9:27 of 3rd period - J.T. Compher wins face-off versus Vincent Trocheck in BOISE CARIBOUS zone.
9:48 of 3rd period - Shot by Vincent Trocheck.
9:48 of 3rd period - Shot Misses the Net.
9:50 of 3rd period - Shot by Tim Stutzle.
9:50 of 3rd period - Shot Blocked by Anthony DeAngelo.
10:00 of 3rd period - Dylan DeMelo is hit by Vladimir Tarasenko and loses puck.
10:34 of 3rd period - Icing by Vladimir Tarasenko.
10:35 of 3rd period - J.T. Compher wins face-off versus Charlie Coyle in KELOWNA ROCKETS zone.
10:39 of 3rd period - Anthony DeAngelo is hit by Pavel Mintyukov and loses puck.
10:54 of 3rd period - Shot by Lawson Crouse.
10:54 of 3rd period - Stopped by Alex Stalock without a rebound.
10:55 of 3rd period - Auston Matthews wins face-off versus Jean-Gabriel Pageau in KELOWNA ROCKETS zone.
10:55 of 3rd period - Auston Matthews is hit by Jean-Gabriel Pageau.
12:15 of 3rd period - Parker Kelly is hit by Tim Stutzle and loses puck.
13:12 of 3rd period - Shot by Noah Gregor.
13:12 of 3rd period - Goal by Noah Gregor - BOISE CARIBOUS : 3 - KELOWNA ROCKETS : 2.
13:13 of 3rd period - Auston Matthews wins face-off versus Jesperi Kotkaniemi in neutral zone.
13:30 of 3rd period - Shot by Valeri Nichushkin.
13:30 of 3rd period - Deflect By Pavel Buchnevich.
13:30 of 3rd period - Shot Misses the Net.
13:38 of 3rd period - Shot by Pavel Buchnevich.
13:38 of 3rd period - Shot Misses the Net.
13:40 of 3rd period - Shot by Dmitri Orlov.
13:40 of 3rd period - Shot Misses the Net.
14:31 of 3rd period - Off-side.
14:32 of 3rd period - Vincent Trocheck wins face-off versus J.T. Compher in neutral zone.
14:50 of 3rd period - Icing by Vladimir Tarasenko.
14:51 of 3rd period - J.T. Compher wins face-off versus Jean-Gabriel Pageau in KELOWNA ROCKETS zone.
14:56 of 3rd period - Shot by J.T. Compher.
14:56 of 3rd period - Shot Misses the Net.
16:05 of 3rd period - Shot by Tim Stutzle.
16:05 of 3rd period - Stopped by Alex Stalock with a rebound.
16:07 of 3rd period - Shot by Dylan DeMelo.
16:07 of 3rd period - Shot Misses the Net.
16:09 of 3rd period - Shot by Vincent Trocheck.
16:09 of 3rd period - Stopped by Alex Stalock without a rebound.
16:10 of 3rd period - Derek Ryan wins face-off versus Charlie Coyle in KELOWNA ROCKETS zone.
16:40 of 3rd period - Shot by Pavel Dorofeyev.
16:40 of 3rd period - Goal by Pavel Dorofeyev - BOISE CARIBOUS : 3 - KELOWNA ROCKETS : 3.
16:41 of 3rd period - Vincent Trocheck wins face-off versus Auston Matthews in neutral zone.
16:58 of 3rd period - Shot by Auston Matthews.
16:58 of 3rd period - Shot Misses the Net.
18:03 of 3rd period - Shot by Lukas Sedlak.
18:03 of 3rd period - Stopped by Ilya Sorokin without a rebound.
18:04 of 3rd period - Derek Ryan wins face-off versus Jean-Gabriel Pageau in BOISE CARIBOUS zone.
18:15 of 3rd period - Shot by Pavel Dorofeyev.
18:15 of 3rd period - Shot Misses the Net.
19:40 of 3rd period - Vladimir Tarasenko is hit by Rasmus Andersson and loses puck.
19:45 of 3rd period - Shot by Vladimir Tarasenko.
19:45 of 3rd period - Shot Misses the Net.
19:58 of 3rd period - Icing by Rasmus Dahlin.
19:59 of 3rd period - Charlie Coyle wins face-off versus Auston Matthews in BOISE CARIBOUS zone.
Goals for this period are 1 for BOISE CARIBOUS vs 2 for KELOWNA ROCKETS.
Shots for this period are 9 for BOISE CARIBOUS vs 7 for KELOWNA ROCKETS.

Overtime #1


0:01 of 1st overtime period - Auston Matthews wins face-off versus Tim Stutzle in neutral zone.
0:30 of 1st overtime period - Shot by Artturi Lehkonen.
0:30 of 1st overtime period - Shot Blocked by Pavel Buchnevich.
1:12 of 1st overtime period - Shot by J.T. Compher.
1:12 of 1st overtime period - Shot Misses the Net.
1:14 of 1st overtime period - Shot by Mark Giordano.
1:14 of 1st overtime period - Shot Misses the Net.
1:16 of 1st overtime period - Shot by Valeri Nichushkin.
1:16 of 1st overtime period - Stopped by Ilya Sorokin without a rebound.
1:17 of 1st overtime period - J.T. Compher wins face-off versus Vincent Trocheck in BOISE CARIBOUS zone.
1:22 of 1st overtime period - Shot by Valeri Nichushkin.
1:22 of 1st overtime period - Goal by Valeri Nichushkin - BOISE CARIBOUS : 3 - KELOWNA ROCKETS : 4.
Goals for this period are 0 for BOISE CARIBOUS vs 1 for KELOWNA ROCKETS.
Shots for this period are 0 for BOISE CARIBOUS vs 2 for KELOWNA ROCKETS.


BLAKE
WHEELER
STEVEN
STAMKOS
DREW
DOUGHTY

EAST COAST

HOCKEY LEAGUE

  • 63.RHI2PIT5
  • 64.WOR4ATL3
  • 65.QUECHW
  • 66.CHATRV